AoeStats
← ScotJ

Nomad

510744843Analyzed
3v3 RM · 16h ago on Oct 2, 2026· 39m 28s· 6 players
Game mode
Random Map
Map size
210×210
Population
200
Speed
Normal
Resources
Standard
Victory
Conquest
Starting age
Dark Age
Ending age
Imperial Age
RankedLock teamsTeams togetherTeam positionsShared explorationLock speedFull tech treeHidden civsTurbo modeCheats
Victory
Defeat
🇦🇺 Dravidians · Australia
1369
+12
🇷🇺 Mongols · Russia
1316
+14
🇧🇪 Spanish · Belgium
1284
+14
🇬🇧 Danes · United Kingdom
1282
-14
🇬🇧 Vikings · United Kingdom
1281
-14
🇬🇧 Saxons · United Kingdom
1243
-12
Warrior
5:48 Loom
13:09 Feudal Age
18:14 Castle Age
16:03 Double-Bit Axe
17:57 Stone Mining
18:15 Fletching
18:33 Town Watch
18:54 Bodkin Arrow
19:14 Bow Saw
19:36 Horse Collar
22:16 Bodkin Arrow
22:16 Gold Mining
28:09 Wheelbarrow
31:45 Imperial Age
31:09 Ballistics
32:44 Bracer
34:37 Chemistry
34:45 Bloodlines
34:49 Husbandry
36:05 Conscription
37:08 Padded Archer Armor
37:34 Hand Cart
37:52 Hand Cart
38:19 Parthian Tactics
38:30 Leather Archer Armor
39:16 Thumb Ring
Chiki_Chiki_BANGBANG
11:59 Loom
13:56 Feudal Age
20:42 Castle Age
19:50 Fishing Lines
24:16 Wheelbarrow
27:12 Hand Cart
28:40 Bloodlines
29:38 Scale Barding Armor
31:08 Town Watch
33:58 Medium Warships
34:07 Horse Collar
35:45 Chain Barding Armor
40:01 Imperial Age
37:44 Scale Mail Armor
37:55 Forging
Wlock
4:55 Loom
13:49 Feudal Age
14:47 Gold Mining
14:44 Double-Bit Axe
18:23 Wheelbarrow
22:49 Town Watch
25:59 Castle Age
27:25 Hand Cart
27:34 Bow Saw
27:05 Horse Collar
28:39 Heavy Plow
28:38 Stone Mining
29:21 Fishing Lines
33:00 Imperial Age
32:34 Fletching
34:12 Bodkin Arrow
35:15 Padded Archer Armor
36:22 Leather Archer Armor
38:35 Bracer
Nate The Great
3:17 Loom
13:06 Feudal Age
13:53 Double-Bit Axe
16:56 Fletching
20:29 Wheelbarrow
22:51 Castle Age
21:12 Fishing Lines
22:31 Horse Collar
22:44 Gold Mining
22:47 Stone Mining
23:29 Padded Archer Armor
23:56 Bodkin Arrow
24:55 Leather Archer Armor
25:05 Gillnets
26:58 Bow Saw
31:46 Thumb Ring
34:57 Elite Skirmisher
36:14 Hand Cart
36:35 Ballistics
ScotJ
5:00 Loom
12:48 Feudal Age
14:36 Double-Bit Axe
20:32 Castle Age
19:22 Forging
19:05 Fishing Lines
19:34 Fletching
19:39 Gold Mining
21:11 Town Watch
21:40 Bow Saw
21:10 Horse Collar
21:35 Gillnets
23:39 Bodkin Arrow
25:12 Horse Collar
25:59 Elite Skirmisher
26:56 Padded Archer Armor
27:46 Gold Shaft Mining
27:27 Crossbowman
30:29 Leather Archer Armor
30:42 Ballistics
36:06 Squires
leech
7:29 Loom
13:34 Feudal Age
15:27 Fishing Lines
18:42 Castle Age
17:06 Double-Bit Axe
18:27 Fletching
20:27 Horse Collar
20:57 Gambesons
23:24 Squires
23:31 Arson
32:47 Wheelbarrow
34:57 Bow Saw
35:26 Elite Skirmisher
37:14 Padded Archer Armor
Connection lost

Rejoining the realm…

Still unreachable

The connection could not be restored.

Session expired

The server has moved on; the page needs a fresh start.